 Dungeon Crawl Stone Soup version 0.28.0-45-g0d030f2227 (webtiles) character file.

Game seed: 6617441755734501991

866 nickcage the Carver (level 8, 0/62 HPs)
             Began as a Formicid Abyssal Knight on Apr 12, 2022.
             Was a Believer of Lugonu.
             Slain by Menkaure (5 damage)
             ... on level 5 of the Dungeon.
             The game lasted 00:09:02 (4855 turns).

nickcage the Carver (Formicid Abyssal Knight)       Turns: 4855, Time: 00:09:03

Health: 0/62       AC: 10    Str: 19    XL:     8   Next: 23%
Magic:  8/9        EV:  7    Int: 11    God:    Lugonu [**....]
Gold:   211        SH:  0    Dex: 11    Spells: 7/7 levels left

rFire   . . .      SeeInvis +   a - +1 falchion
rCold   . . .      Faith    .   (no shield)
rNeg    . . .      Spirit   .   m - +0 chain mail
rPois   .          Reflect  .   (helmet unavailable)
rElec   .          Harm     .   f - +0 cloak
rCorr   .          Rampage  .   (no gloves)
Will    .....                   d - +0 pair of boots
Stlth   ..........              (no amulet)
HPRegen 0.20/turn               (no ring)
MPRegen 0.11/turn               (no ring)

@: no status effects
A: permanent stasis, dig shafts and tunnels, antennae 3, four strong arms
a: Dig, Shaft Self, Renounce Religion, Depart the Abyss, Bend Space


You were on level 5 of the Dungeon.
You worshipped Lugonu.
Lugonu was pleased with you.
You visited 1 branch of the dungeon, and saw 5 of its levels.
You visited the Abyss 1 time.

You collected 211 gold pieces.

Inventory:

Hand Weapons
 a - a +1 falchion (weapon)
Missiles
 q - 6 javelins (quivered)
Armour
 b - a +0 leather armour
 d - a +0 pair of boots (worn)
 f - a +0 cloak (worn)
 m - a +0 chain mail (worn)
Jewellery
 t - a +4 ring of slaying
Wands
 g - a wand of charming (6)
 r - a wand of digging (3)
Scrolls
 e - a scroll of teleportation
 h - a scroll of vulnerability
 j - a scroll of fear {unknown}
 k - a scroll of enchant armour {unknown}
 p - 2 scrolls of magic mapping {unknown}
 s - 6 scrolls of identify {unknown}
 u - a scroll of brand weapon {unknown}
Potions
 l - a potion of flight {unknown}
 n - 4 potions of curing {unknown}
 o - a potion of resistance {unknown}


   Skills:
 + Level 5.1 Fighting
 + Level 8.2 Long Blades
 - Level 2.1 Armour
 - Level 0.8 Dodging
 - Level 2.1 Invocations


You had 7 spell levels left.
You didn't know any spells.
Your spell library contained the following spells:

 Spells                   Type           Power      Damage    Failure   Level
 Ensorcelled Hibernation  Hex/Ice        0%         N/A       100%        2
 Spider Form              Tmut/Pois      0%         N/A       100%        3
 Anguish                  Hex/Necr       0%         N/A       100%        4


Dungeon Overview and Level Annotations

Branches:
Dungeon (5/15)             Temple (0/1) D:4

Altars:

Annotations:
D:5 Menkaure


Innate Abilities, Weirdness & Mutations

You cannot be hasted, slowed, berserked, paralysed or teleported.
You can dig through walls and to a lower floor.
You have a pair of large antennae on your head. (SInv)
Your four strong arms can wield two-handed weapons with a shield.


Message History

q - 8 javelins (gained 1)
A dart slug comes into view.
You slash the dart slug!
The dart slug is severely wounded.
The dart slug bites you but does no damage.
You hit the dart slug.
You kill the dart slug!
Lugonu accepts your kill.
No target in view!
n - 4 lumpy brown potions (gained 1) Menkaure, Prince of Dust comes into view.
Menkaure gestures wildly while chanting.
Menkaure seems to speed up.
You throw a javelin.
The javelin pierces through Menkaure but does no damage.
You throw a javelin.
The javelin pierces through Menkaure but does no damage.
Menkaure gestures at you while chanting.
Pain shoots through your body! Menkaure hits you!
Menkaure hits you but does no damage.
You hit Menkaure but do no damage.
Menkaure giggles, "These cerements are ticklish..."
Menkaure hits you.
You are too injured to fight recklessly!
You are too injured to fight recklessly!
You slash Menkaure!
Menkaure is moderately damaged.
Menkaure hits you!!
* * * LOW HITPOINT WARNING * * *
You hit Menkaure.
Menkaure is heavily damaged.
Menkaure points at you and mumbles some strange words.
Pain shoots through your body!
* * * LOW HITPOINT WARNING * * *
Space bends around you!
You blink.
Menkaure's bandages flutter.
It was a potion of berserk rage.
Your stasis prevents you from going berserk.
Menkaure hits you.
You die...

# ##.##### #...@..+
.....###M.# #+ ... #..# #. #
#..# #+##. #### ##.# #.#..
###...###.# ### #+##....
##......##.# #.+ #.##.... .
###..........# #.###.......
..#............###.##........


You could see Menkaure (fast).

Vanquished Creatures
  Pikel (D:3)
  An ice beast (D:4)
  An ogre (D:4)
  A lemure (D:5)
  A water moccasin skeleton (D:4)
  2 hounds
  2 iguanas
  Ijyb (D:5)
  4 adders
  An adder skeleton (D:4)
  A worm (D:2)
  4 dart slugs
  3 orcs (D:4)
  3 ball pythons
  A bat (D:3)
  5 endoplasms
  A giant cockroach (D:1)
  3 hobgoblins
  A quokka (D:4)
  2 frilled lizards (D:3)
  2 goblins (D:3)
  6 kobolds
  6 rats
53 creatures vanquished.

Notes
Turn   | Place    | Note
-------+----------+-------------------------------------------
     0 | Abyss:1  | nickcage the Formicid Abyssal Knight began the quest for
                  | the Orb.
     0 | Abyss:1  | Reached XP level 1. HP: 18/18 MP: 2/2
    12 | D:1      | Escaped the Abyss
   400 | D:1      | Reached XP level 2. HP: 22/24 MP: 3/3
   739 | D:2      | Reached skill level 3 in Long Blades
  1097 | D:2      | Reached XP level 3. HP: 29/29 MP: 4/4
  1780 | D:3      | Found a faded altar of an unknown god.
  2478 | D:4      | Reached ** piety under Lugonu
  2773 | D:3      | Reached skill level 4 in Long Blades
  2773 | D:3      | Reached XP level 4. HP: 12/35 MP: 5/5
  3079 | D:4      | Noticed an ogre
  3388 | D:4      | Found a staircase to the Ecumenical Temple.
  3472 | D:4      | Killed an ogre
  3473 | D:4      | Reached skill level 5 in Long Blades
  3473 | D:4      | Reached XP level 5. HP: 37/41 MP: 6/6
  3629 | D:4      | Reached XP level 6. HP: 30/47 MP: 7/7
  3737 | D:4      | Noticed an ice beast
  3746 | D:4      | Killed an ice beast
  3747 | D:4      | Reached skill level 6 in Long Blades
  3986 | D:5      | Entered Level 5 of the Dungeon
  3998 | D:5      | Reached XP level 7. HP: 49/53 MP: 8/8
  4155 | D:5      | Noticed Pikel
  4461 | D:3      | Killed Pikel
  4462 | D:3      | Reached skill level 5 in Fighting
  4462 | D:3      | Reached skill level 8 in Long Blades
  4462 | D:3      | Reached XP level 8. HP: 30/62 MP: 9/9
  4787 | D:5      | Noticed Ijyb
  4801 | D:5      | Killed Ijyb
  4844 | D:5      | Noticed Menkaure
  4855 | D:5      | Slain by Menkaure

Illustrated notes

Levels and vault maps discovered:
D:1:      dpeg_arrival_orchard, layout_rooms, st_stairs_4,
          minmay_misc_feat_four_crosses, minmay_indecisive_spiral
D:2:      layout_loops_corners
D:3:      layout_basic, hellmonk_ecumenical_altar_run_dry, serial_glass,
          glass_columns_a, glass_columns_a
D:4:      minmay_chambers_of_threes, layout_loops_ring,
          minmay_temple_entry_offerings
D:5:      nicolae_cairo_tiling_large, layout_layer_cave,
          minmay_fractal_squares_gapless_5, uniq_crazy_yiuf_cottage,
          uniq_menkaure, uniq_grinder, uniq_ijyb, uniq_pikel

Skill      XL: |  1  2  3  4  5  6  7 |
---------------+----------------------+-----
Long Blades    | 3 4 5 6 8 |  8.2
Fighting       | 5 |  5.1
Armour         | |  2.1
Dodging        | |  0.8
Invocations    | |  2.1

Action                   |  1- 3 |  4- 6 |  7- 9 || total
-------------------------+-------+-------+-------++-------
Melee: Falchion          |    92 |    72 |    69 ||   233
       Punch             |       |     4 |     2 ||     6
Throw: Javelin           |     1 |     5 |     9 ||    15
Invok: Bend Space        |       |       |     2 ||     2
  Use: Scroll            |       |     5 |       ||     5
       Potion            |       |       |     1 ||     1
Armor: Leather armour    |     5 |       |       ||     5
       Chain mail        |    28 |    36 |    42 ||   106
Dodge: Dodged            |    25 |    29 |    23 ||    77
